 Dungeon Crawl Stone Soup version 0.31-a0-851-g7ff8af7976 (webtiles) character file.

Game seed: 12366977942784329979

37 lunkers the Insei (level 3, -6/28 HPs)
             Began as a Meteoran Shapeshifter on Oct 6, 2023.
             Mangled by a sleepcap (21 damage)
             ... on level 2 of the Dungeon.
             The game lasted 00:00:48 (264 turns).

lunkers the Insei (Meteoran Shapeshifter)            Turns: 264, Time: 00:00:49

Health: -6/28      AC:  2    Str: 15    XL:     3   Next: 85%
Magic:  13/13      EV:  2    Int: 12    God:
Gold:   88         SH:  0    Dex: 15    Spells: 2/2 levels left

rFire   . .          .
                       - Unarmed
rCold   . . .        (no shield)
rNeg    . . .        a - +0 animal skin
rPois   .            (helmet currently unavailable)
rElec   .            (cloak currently unavailable)
rCorr   .            (gloves currently unavailable)
SInv    .            (boots currently unavailable)
Will    .....        (no amulet)
Stlth   +            i - ring of magical power
HPRegen 0.24/turn    l - ring of flight
MPRegen 0.13/turn

%: no passive effects
@: beast-form, sleeping, flying, glowing
A: beast (slay +2), sense surroundings 1, otherworldly, glowing, explore regen
a: Begin Untransformation


You were on level 2 of the Dungeon.
You were a hulking beast.
You visited 1 branch of the dungeon, and saw 2 of its levels.

You collected 88 gold pieces.

Inventory:

Armour
 a - a +0 animal skin (worn)
Jewellery
 i - a ring of magical power (left hand)
 l - a ring of flight (right hand)
Talismans
 c - a beast talisman (active)
 d - a flux talisman
Scrolls
 e - a scroll of enchant weapon {unknown}
 j - a scroll of noise {unknown}
 n - 3 scrolls of identify {unknown}
Potions
 b - 3 potions of lignification
 f - a potion of mutation {unknown}
 g - 2 potions of heal wounds {unknown}
 h - a potion of brilliance {unknown}
 k - a potion of degeneration {unknown}
 m - a potion of curing {unknown}


   Skills:
 - Level 1.1 Fighting
 - Level 2.1 Dodging
 * Level 4.8 Unarmed Combat
 + Level 4.1 Shapeshifting


You had 2 spell levels left.
You didn't know any spells.
Your spell library was empty.

Dungeon Overview and Level Annotations

Branches:
Dungeon (2/15) Zot: 941

Altars:


Innate Abilities, Weirdness & Mutations

You are a hulking beast.
Your limbs bulge with bestial killing power. (Slay +2)
You passively map a small area around you.
You are easily found by Zot.
You glow in the dark.
You regain HP and MP as you explore.


Message History

A goblin is nearby!
You are too injured to fight recklessly!
You are too injured to fight recklessly!
You are too injured to fight recklessly!
You are too injured to fight recklessly!
Found 14 gold pieces.
The goblin shoots a sling bullet.
The sling bullet closely misses you.
The goblin shoots a sling bullet.
The sling bullet barely misses you.
The goblin shoots a sling bullet.
The sling bullet hits you.
The goblin unwields a +0 sling.
The goblin wields a +0 club.
The goblin completely misses you.
You hit the goblin.
You kill the goblin!
Found a stone staircase leading down.
A sleepcap comes into view.
You see here 14 gold pieces.
You now have 88 gold pieces (gained 14).
Found 13 gold pieces.
Found a stone staircase leading up.
You hit the sleepcap.
The sleepcap is lightly damaged.
The sleepcap barely misses you.
You punch the sleepcap!
The sleepcap is moderately damaged.
The sleepcap misses you.
You punch the sleepcap!
The sleepcap is severely damaged.
The sleepcap releases spores at you.
You punch the sleepcap!
The sleepcap is almost destroyed.
The sleepcap releases spores at you.
You hit the sleepcap.
The sleepcap is almost destroyed.
The sleepcap releases spores at you.
* * * LOW HITPOINT WARNING * * *
You are engulfed in a cloud of soporific spores!
You fall asleep.
The sleepcap releases spores at you!!
Ouch! That really hurt!
You die...

,, #.###......#
######.# #......#
#...##.# #.)....#
.....#.# #....[.#
.......# #......#
.......###......#
.......#........##
.....#...#.......##
....##..########h.#
* .##.†..<#
#.$f...# #.....###
#......# ..##.##
#......# .....#
#...>..# .....#
#......# ######
#......# #..<...# ,


You could see a sleepcap.

Vanquished Creatures
  An adder (D:2)
  A dart slug (D:2)
  A ball python (D:1)
  3 bats (D:1)
  An endoplasm (D:1)
  2 goblins
  A hobgoblin (D:1)
  6 jackals (D:1)
  A quokka (D:1)
  2 frilled lizards (D:1)
  A kobold (D:1)
  2 rats (D:1)
22 creatures vanquished.

Notes
Turn   | Place    | Note
-------+----------+-------------------------------------------
     0 | D:1      | lunkers the Meteoran Shapeshifter began the quest for the
                  | Orb.
     0 | D:1      | Reached XP level 1. HP: 16/16 MP: 2/2
    86 | D:1      | Reached XP level 2. HP: 23/23 MP: 3/3
   107 | D:1      | Reached XP level 3. HP: 18/28 MP: 4/4
   192 | D:1      | You are sucked into a shaft and drop 1 floor!
   264 | D:2      | Mangled by a sleepcap

Illustrated notes

Levels and vault maps discovered:
D:1:      minmay_arrival_hallway, layout_basic, ebering_ecumenical_altar_webs,
          minmay_tetromino_s2
D:2:      layout_rooms, uniq_crazy_yiuf_cottage

Skill      XL: |  1  2  3 |
---------------+----------+-----
Unarmed Combat | 4 |  4.8
Shapeshifting  | 4 |  4.1
Fighting       | |  1.1
Dodging        | |  2.1

Action                     || total
---------------------------++-------
  Melee: Unarmed           ||    59
         Punch             ||     1
 Armour: Animal skin       ||    28
  Dodge: Dodged            ||    38

Table legend: (Time is in decaauts)
 A = Elapsed time spent in this place.
 B = Non-inter-level travel time spent in this place.
 C = Inter-level travel time spent in this place.
 D = Time resting spent in this place.
 E = Time spent auto-exploring this place.
 F = Levels seen in this place.
 G = Mean time per level.
                   A        B        C        D        E       F      G
               +--------+--------+--------+--------+--------+-----+--------+
         Total |    258 |    258 |      0 |      0 |    134 |   2 |  129.0 |
       Dungeon |    258 |    258 |      0 |      0 |    134 |   2 |  129.0 |
               +--------+--------+--------+--------+--------+-----+--------+

Top non-repeatable levels by time:
     D:1: 195 daAuts
     D:2: 62 daAuts
